 Dungeon Crawl Stone Soup version 0.22.0-49-gab54619674 (webtiles) character file.

6773 Morbidden the Grappler (level 10, -26/80 HPs)
             Began as a Green Draconian Fighter on Sept 4, 2018.
             Was a High Priest of Okawaru.
             Annihilated by Snorg (28 damage)
             ... on level 11 of the Dungeon.
             The game lasted 00:25:31 (9623 turns).

Morbidden the Grappler (Green Draconian Fighter)    Turns: 9623, Time: 00:25:31

Health: -26/80     AC:  9    Str: 22    XL:     10   Next: 76%
Magic:  14/14      EV: 15    Int:  8    God:    Okawaru [*****.]
Gold:   551        SH: 11    Dex: 11    Spells: 13/14 levels left

rFire    . . .     SeeInvis .     - Unarmed
rCold    . . .     Gourm    .   a - +0 shield
rNeg     . . .     Faith    .   (armour unavailable)
rPois    +         Spirit   .   (helmet restricted)
rElec    .         Reflect  .   F - +0 cloak
rCorr    .         Harm     .   k - +0 pair of gloves
MR       +....                  (no boots)
Stlth    +.........             v - amulet of magic regeneration
HPRegen  0.23/turn              m - ring of protection from magic
MPRegen  0.39/turn              f - +2 ring of evasion

@: hasted, very quick
A: breathe noxious fumes, unfitting armour, claws 1, talons 1, poison
resistance, cold-blooded, MP-powered wands, AC +7
a: Breathe Noxious Fumes, Heroism, Finesse, Renounce Religion


You were on level 11 of the Dungeon.
You worshipped Okawaru.
Okawaru was extremely pleased with you.
You were near starving.

You visited 1 branch of the dungeon, and saw 11 of its levels.

You collected 551 gold pieces.

Inventory:

Armour
 a - a +0 shield (worn)
 k - a +0 pair of gloves (worn)
 F - a +0 cloak (worn)
Jewellery
 f - a +2 ring of evasion (right hand)
 m - a ring of protection from magic (left hand)
 v - an amulet of magic regeneration (around neck)
Wands
 y - a wand of paralysis (14)
 A - a wand of random effects (18)
 D - a wand of disintegration (9)
 G - a wand of digging (9)
 H - a wand of iceblast (8)
Scrolls
 b - a scroll of enchant weapon {unknown}
 e - 3 scrolls of immolation
 h - a scroll of random uselessness {unknown}
 p - 2 scrolls of magic mapping {unknown}
 t - a scroll of fear
 u - 2 scrolls of amnesia {unknown}
 w - 7 scrolls of identify
 x - 3 scrolls of teleportation {unknown}
 z - a scroll of torment {unknown}
 B - 2 scrolls of fog {unknown}
 C - 3 scrolls of remove curse {unknown}
Potions
 d - 3 potions of flight
 g - a potion of berserk rage {unknown}
 i - a potion of resistance
 j - 3 potions of degeneration
 l - 2 potions of agility {unknown}
 n - a potion of might
 q - a potion of mutation
 r - 2 potions of curing
 E - a potion of brilliance {unknown}
Comestibles
 c - 14 rations


   Skills:
 + Level 4.7 Fighting
 + Level 6.2 Dodging
 + Level 7.0 Shields
 + Level 11.7 Unarmed Combat
 * Level 2.8 Spellcasting
 * Level 5.0 Conjurations
 + Level 2.9 Invocations


You had 13 spell levels left.
You knew the following spells:

 Your Spells              Type           Power        Failure   Level  Hunger
a - Magic Dart            Conj           #...         12%         1    ##.....

Your spell library contained the following spells:

 Spells                   Type           Power        Failure   Level  Hunger
 Searing Ray              Conj           #.....       17%         2    ###....
 Apportation              Tloc           #.....       67%         1    ##.....
 Summon Butterflies       Summ           #.......     67%         1    ##.....
 Dazzling Spray           Conj/Hex       #.....       69%         3    ####...
 Iskenderun's Mystic Bla  Conj           #.......     75%         4    #####..
 Lesser Beckoning         Tloc           #.........   95%         3    ####...
 Tukima's Dance           Hex            #.......     95%         3    ####...
 Force Lance              Conj/Tloc      #.......     97%         4    #####..
 Fulminant Prism          Conj/Hex       #.........   97%         4    #####..
 Alistair's Intoxication  Tmut/Pois      #.......     100%        5    ######.
 Invisibility             Hex            #.......     100%        6    #######


Dungeon Overview and Level Annotations

Branches:
Dungeon (11/15)            Temple (0/1) D:7            Lair (0/6) D:8
    Orc (0/2) D:10

Altars:
Cheibriados
Elyvilon
Fedhas
Kikubaaqudgha
Makhleb
Okawaru
Uskayaw
Wu Jian
Xom
Yredelemnul
The Shining One

Annotations:
D:11 Snorg


Innate Abilities, Weirdness & Mutations

You can breathe blasts of noxious fumes.
Your lurid green scales are hard. (AC +7)
You cannot fit into any form of body armour.
Your system is resistant to poisons. (rPois)
You are cold-blooded and may be slowed by cold attacks.
You have sharp fingernails.
You have sharp toenails.
You expend magic power (3 MP) to strengthen your wands.


Message History

You have got your breath back.
You see here 17 gold pieces.
Snorg bites you. Snorg completely misses you. Snorg barely misses you.
Unknown command.
You feel much better. Snorg bites you! Snorg claws you. Snorg claws you!
Unknown command.
Okay, then.
As you read the scroll of fear, it crumbles to dust.
You assume a fearsome visage.
Snorg resists with almost no effort.
Snorg bites you. Snorg claws you!
* * * LOW HITPOINT WARNING * * *
Snorg claws you!!
* * * LOW HITPOINT WARNING * * *
Unknown command.
Okay, then.
It was a potion of mutation.
You feel extremely strange.
You feel your magical essence link to your wands.
Your fingernails lengthen.
Your toenails lengthen and sharpen.
Snorg bites you!!
You die...

#.............#
#...........?.#
#...$.........+
#..$..........#
#.....).......#
#.............#
#.............#
#....T>.......#
#....@........#
###############


You could see Snorg (berserk).

Vanquished Creatures
  A two-headed ogre (D:8)
  Joseph (D:10)
  A polar bear (D:9)
  A queen bee (D:8)
  A meliai zombie (D:8)
  Grum (D:9)
  2 hungry ghosts (D:10)
  A water moccasin (D:6)
  2 ice beasts
  2 orc warriors
  A black bear (D:9)
  4 sky beasts
  3 ogres
  3 wolves (D:9)
  3 phantoms
  A necrophage (D:7)
  3 centaurs
  A big kobold (D:6)
  4 bullfrogs
  4 scorpions
  4 troll zombies (D:10)
  14 killer bees (D:8)
  5 howler monkeys
  An electric eel (D:9)
  5 quasits
  A crimson imp (D:5)
  A bullfrog zombie (D:9)
  2 jellies
  6 hounds
  2 bullfrog skeletons
  2 orc priests (D:6)
  A centaur skeleton (D:7)
  3 iguanas
  10 worker ants
  3 orc wizards (D:7)
  2 ogre zombies (D:10)
  A hound skeleton (D:8)
  A howler monkey skeleton (D:6)
  9 adders
  A white imp (D:9)
  2 oozes (D:3)
  2 adder zombies
  4 worms
  5 dart slugs
  4 leopard geckos
  18 orcs
  6 giant cockroaches
  6 goblins
  10 hobgoblins
  10 jackals
  7 kobolds
  4 quokkas
  7 bats
  6 frilled lizards
  4 hobgoblin zombies (D:10)
  A jackal skeleton (D:7)
  15 orc zombies (D:10)
  5 rats
230 creatures vanquished.

Vanquished Creatures (collateral kills)
  A scorpion (D:7)
  A killer bee (D:8)
2 creatures vanquished.

Grand Total: 232 creatures vanquished

Notes
Turn   | Place    | Note
-------+----------+-------------------------------------------
     0 | D:1      | Morbidden the Draconian Fighter began the quest for the
                  | Orb.
     0 | D:1      | Reached XP level 1. HP: 19/19 MP: 1/1
   251 | D:1      | Reached XP level 2. HP: 26/26 MP: 2/2
   712 | D:2      | Reached XP level 3. HP: 13/31 MP: 3/3
   743 | D:2      | HP: 1/31 [poisoned by an adder]
  1056 | D:2      | Reached skill level 3 in Unarmed Combat
  1272 | D:2      | Found an iron altar of Okawaru.
  1299 | D:2      | Became a worshipper of Warmaster Okawaru
  1741 | D:2      | Reached XP level 4. HP: 17/38 MP: 4/4
  2081 | D:3      | Reached skill level 4 in Unarmed Combat
  2334 | D:3      | Reached XP level 5. HP: 43/46 MP: 5/5
  2374 | D:3      | Found a white marble altar of Elyvilon.
  2854 | D:4      | Noticed an ogre
  2880 | D:4      | Killed an ogre
  2880 | D:4      | Reached * piety under Okawaru
  2880 | D:4      | Reached skill level 5 in Unarmed Combat
  2880 | D:4      | Reached XP level 6. HP: 52/52 MP: 6/6
  3091 | D:4      | Found a shimmering altar of Xom.
  3091 | D:4      | Found a shimmering altar of Xom.
  3149 | D:4      | Reached skill level 6 in Unarmed Combat
  3306 | D:4      | Found a shimmering altar of Xom.
  3307 | D:4      | Found a shimmering altar of Xom.
  3816 | D:5      | Entered Level 5 of the Dungeon
  3950 | D:5      | Noticed a sky beast
  3961 | D:5      | Killed a sky beast
  3961 | D:5      | Your scales start taking on a lurid green colour.
  3961 | D:5      | Reached XP level 7. HP: 58/58 MP: 7/7
  3961 | D:5      | Gained mutation: Your system is resistant to poisons.
                  | (rPois) [Green Draconian growth]
  3995 | D:5      | Reached ** piety under Okawaru
  4065 | D:5      | Found an ancient bone altar of Kikubaaqudgha.
  4068 | D:5      | Found an iron altar of Okawaru.
  4082 | D:5      | Found a blossoming altar of Fedhas.
  4085 | D:5      | Found a burning altar of Makhleb.
  4226 | D:5      | Reached skill level 7 in Unarmed Combat
  4472 | D:5      | Reached skill level 1 in Invocations
  4700 | D:6      | Reached skill level 8 in Unarmed Combat
  5073 | D:6      | Reached *** piety under Okawaru
  5073 | D:6      | Reached XP level 8. HP: 45/66 MP: 9/9
  5195 | D:6      | Reached skill level 9 in Unarmed Combat
  5693 | D:6      | Learned a level 1 spell: Magic Dart
  5808 | D:7      | Found a basalt altar of Yredelemnul.
  5853 | D:7      | Reached skill level 1 in Conjurations
  6033 | D:7      | Reached XP level 9. HP: 64/71 MP: 11/11
  6061 | D:7      | Reached **** piety under Okawaru
  6199 | D:7      | Reached skill level 5 in Shields
  6295 | D:7      | Found a staircase to the Ecumenical Temple.
  6447 | D:8      | Found a staircase to the Lair.
  6468 | D:8      | Reached skill level 10 in Unarmed Combat
  6655 | D:8      | Reached skill level 5 in Dodging
  6710 | D:8      | Reached ***** piety under Okawaru
  6721 | D:8      | Noticed a queen bee
  6779 | D:8      | Killed a queen bee
  7176 | D:8      | Noticed a two-headed ogre
  7184 | D:8      | Killed a two-headed ogre
  7184 | D:8      | Reached skill level 11 in Unarmed Combat
  7184 | D:8      | Reached skill level 1 in Spellcasting
  7184 | D:8      | Reached XP level 10. HP: 80/80 MP: 10/12
  7193 | D:8      | Found an ornate altar of the Wu Jian Council.
  7294 | D:9      | Found a snail-covered altar of Cheibriados.
  7369 | D:9      | Received a gift from Okawaru
  7484 | D:9      | Found a hide-covered altar of Uskayaw.
  7591 | D:9      | Found a glowing golden altar of the Shining One.
  7666 | D:9      | Noticed Grum
  7827 | D:9      | Killed Grum
  8536 | D:10     | Entered Level 10 of the Dungeon
  8812 | D:10     | Found a staircase to the Orcish Mines.
  9315 | D:10     | Noticed Joseph
  9330 | D:10     | Killed Joseph
  9330 | D:10     | Reached skill level 5 in Conjurations
  9598 | D:11     | Noticed Snorg
  9622 | D:11     | HP: 2/80 [Snorg (18)]
  9623 | D:11     | Gained mutation: You expend magic power (3 MP) to
                  | strengthen your wands. [potion of mutation]
  9623 | D:11     | Gained mutation: You have sharp fingernails. [potion of
                  | mutation]
  9623 | D:11     | Gained mutation: You have sharp toenails. [potion of
                  | mutation]
  9623 | D:11     | Annihilated by Snorg

Skill      XL: |  1  2  3  4  5  6  7  8  9 10 |
---------------+-------------------------------+-----
Unarmed Combat | 3 4 5 6 8 9 11 | 11.7
Dodging        | 3 4 5 6 |  6.2
Invocations    | 2 |  2.9
Fighting       | 4 |  4.7
Shields        | 4 6 7 |  7.0
Conjurations   | 1 4 5 |  5.0
Spellcasting   | 1 2 |  2.8

Action                   |  1- 3 |  4- 6 |  7- 9 | 10-12 || total
-------------------------+-------+-------+-------+-------++-------
Melee: Unarmed           |   183 |   188 |   344 |   248 ||   963
       Tailslap          |    15 |    17 |    39 |    31 ||   102
Invok: Heroism           |       |       |     3 |     3 ||     6
 Abil: Breathe Noxious F |       |       |    26 |    12 ||    38
  Use: Potion            |     1 |     1 |     9 |     4 ||    15
       Scroll            |       |     4 |       |     1 ||     5
 Stab: Sleeping          |       |     2 |     1 |       ||     3
       Confused          |       |       |     4 |     5 ||     9
  Eat: Chunk             |     2 |     8 |     7 |     5 ||    22
       Ration            |       |       |     2 |     2 ||     4
Armor: Skin              |    53 |    30 |    87 |    48 ||   218
Dodge: Dodged            |    72 |    52 |   116 |   122 ||   362
Block: Shield            |   108 |    67 |   156 |   126 ||   457
